 Dungeon Crawl Stone Soup version 0.26-a0-537-g96b2eae49b (webtiles) character file.

Game seed: 2290836132395648496

5982 ANON1729 the Covert (level 11, -8/100 HPs)
             Began as a Kobold Brigand on Aug 14, 2020.
             Was a Believer of Wu Jian.
             Mangled by a merfolk
             ... wielding a +0 trident
              (13 damage)
             ... on level 10 of the Dungeon.
             The game lasted 00:23:36 (12443 turns).

ANON1729 the Covert (Kobold Brigand)               Turns: 12443, Time: 00:23:36

Health: -8/100     AC: 29    Str:  8    XL:     11   Next: 10%
Magic:  11/11      EV:  3    Int: 14    God:    Wu Jian [**....]
Gold:   199        SH:  0    Dex: 19    Spells: 10/10 levels left

rFire    . . .     SeeInvis .   a - +2 dagger
rCold    . . .     Faith    .   (shield restricted)
rNeg     + + +     Spirit   .   (armour currently unavailable)
rPois    +         Reflect  .   (helmet currently unavailable)
rElec    .         Harm     .   (cloak currently unavailable)
rCorr    .         NoTele   +   (gloves currently unavailable)
MR       .....                  (boots currently unavailable)
Stlth    +++++++...             l - amulet of magic regeneration
HPRegen  0.26/turn              C - ring of flight
MPRegen  0.37/turn              F - +4 ring of protection

@: tree-form
A: small, nightstalker 3
a: Wall Jump, Renounce Religion


You were on level 10 of the Dungeon.
You worshipped Wu Jian.
Wu Jian was pleased with you.
You were a tree.
You visited 2 branches of the dungeon, and saw 11 of its levels.

You collected 807 gold pieces.
You spent 608 gold pieces at shops.

Inventory:

Hand Weapons
 a - a +2 dagger (weapon)
 K - the +5 trident of Wicacut {vorpal, rN+ Str+2 Int+7}
   (You found it on level 8 of the Dungeon)

   It inflicts extra damage upon your enemies.
   It affects your strength (+2).
   It affects your intelligence (+7).
   It protects you from negative energy.
Missiles
 d - 43 poisoned darts (quivered)
 e - 2 curare-tipped darts
Armour
 c - a +0 cloak (melded)
 g - a +2 robe of the Archmagi
 m - the +2 robe "Luezaat" {Dex+4 Stlth+}
   (You found it on level 6 of the Dungeon)

   It affects your dexterity (+4).
   It makes you more stealthy.
 B - the +1 robe of Luche {rF+ Stlth+}
   (You found it on level 4 of the Dungeon)

   It protects you from fire.
   It makes you more stealthy.
 I - a +2 pair of gloves of strength (melded)
 J - the +0 robe of Wigodiv {rPois rF- Str+2 Dex+2}
   (You bought it in a shop on level 8 of the Dungeon)

   It affects your strength (+2).
   It affects your dexterity (+2).
   It makes you vulnerable to fire.
   It protects you from poison.
 L - the +1 robe "Rekhlacse" (melded) {rF++ Dex+4}
   (You bought it in a shop on level 8 of the Dungeon)

   It affects your dexterity (+4).
   It greatly protects you from fire.
Jewellery
 l - an amulet of magic regeneration (around neck)
 C - a ring of flight (left branch)
 F - a +4 ring of protection (right branch)
Wands
 x - a wand of disintegration (9)
 y - a wand of iceblast (10)
 A - a wand of flame (36)
Scrolls
 f - 5 scrolls of magic mapping
 h - 6 scrolls of teleportation
 p - 4 scrolls of enchant armour
 r - 2 scrolls of fear
 s - a scroll of blinking
 u - 3 scrolls of enchant weapon
 v - 3 scrolls of remove curse
 G - a scroll of fog
 M - a scroll of amnesia
Potions
 b - a potion of heal wounds {unknown}
 i - 2 potions of flight
 j - 3 potions of haste
 k - a potion of invisibility {unknown}
 n - a potion of resistance {unknown}
 o - a potion of berserk rage {unknown}
 q - 5 potions of curing
 z - 2 potions of might
 D - a potion of stabbing {unknown}
 E - a potion of cancellation
Miscellaneous
 N - a phantom mirror (inert)


   Skills:
 + Level 7.2 Fighting
 * Level 11.7 Short Blades
 - Level 2.3 Throwing
 + Level 7.8 Dodging
 * Level 13.3 Stealth
 + Level 3.8 Evocations


You had 10 spell levels left.
You didn't know any spells.
Your spell library contained the following spells:

 Spells                   Type           Power        Failure   Level
 Sting                    Tmut/Pois      #...         28%         1
 Poisonous Vapours        Pois/Air       #.....       41%         2
 Ignite Poison            Fire/Tmut/Pois #.......     65%         3
 Mephitic Cloud           Conj/Pois/Air  #.......     65%         3
 Olgreb's Toxic Radiance  Pois           #.......     96%         4


Dungeon Overview and Level Annotations

Branches:
Dungeon (10/15)            Temple (1/1) D:5            Lair (0/6) D:8
    Orc: D:9-12

Altars:
Ashenzari
Cheibriados
Dithmenos
Elyvilon
Fedhas
Gozag
Hepliaklqana
Kikubaaqudgha
Makhleb
Nemelex Xobeh
Okawaru
Qazlal
Ru
Sif Muna
Trog
Uskayaw
Vehumet
Wu Jian
Xom
Yredelemnul
Zin
The Shining One

Shops:
D:4 :   D:5 [   D:8 [=*?   D:9 [

Annotations:
D:3 rasy's ghost, amateur MiFi
D:9 exclusion: downstairs


Innate Abilities, Weirdness & Mutations

You are small and have problems with some larger weapons.
You are completely attuned to the shadows.


Message History

Your roots penetrate the ground.
The merfolk hits you with a +0 trident!
* * * LOW HITPOINT WARNING * * *
You feel better. The merfolk hits you with a +0 trident.
* * * LOW HITPOINT WARNING * * *
It was a potion of cancellation.
Your magical effects are unravelling.
You feel magically purged.
You feel less wooden.
Your +0 cloak unmelds from your body.
Your +2 pair of gloves of strength unmelds from your body.
The +1 robe "Rekhlacse" {rF++ Dex+4} unmelds from your body.
You feel stronger. The merfolk closely misses you.
Really quaff the potion of lignification?
You turn into a tree.
Your +0 cloak melds into your body.
Your +2 pair of gloves of strength melds into your body.
The +1 robe "Rekhlacse" {rF++ Dex+4} melds into your body.
You feel weaker.
Your roots penetrate the ground.
The merfolk hits you with a +0 trident!
You die...

# ##.# .#
#########.####### ..
....##...........# ###
....##....[......#
...)##...........#
....†............#
....)#.......<...#####
....##.........m.....#
....##.......)..♣.....
....##.........##.##..
....# ........#≈≈≈#
##### .##...#≈(≈#
#≈§≈# #####


You could see a merfolk.

Vanquished Creatures
  Pikel (D:7)
  A manticore (D:10)
  Prince Ribbit (D:5)
  A hippogriff (D:8)
  6 yaks (D:9)
  Grum (D:9)
  A wyvern (D:9)
  An ice beast (D:7)
  A sky beast (D:6)
  3 ogres
  3 wolves (D:9)
  6 necrophages
  3 centaurs
  2 lemures (D:7)
  8 bullfrogs
  A scorpion (D:6)
  6 wights
  4 killer bees (D:9)
  4 howler monkeys
  2 bullfrog zombies
  5 hounds
  A quasit (D:8)
  2 jellies
  A centaur skeleton (D:6)
  2 orc wizards (D:10)
  2 bullfrog skeletons
  4 orc priests
  4 iguanas
  5 worker ants
  A hound zombie (D:6)
  2 worker ant zombies (D:8)
  4 gnolls (D:2)
  7 adders
  3 shadow imps
  3 white imps
  An ufetubus (D:3)
  An ooze (D:4)
  An adder skeleton (D:6)
  3 worms
  6 leopard geckos
  20 orcs
  4 ball pythons
  5 giant cockroaches
  9 hobgoblins
  19 jackals
  6 kobolds
  2 quokkas
  4 bats
  6 frilled lizards
  5 goblins
  10 rats
204 creatures vanquished.

Vanquished Creatures (collateral kills)
  2 killer bees
  A white imp (D:10)
3 creatures vanquished.

Vanquished Creatures (others)
  2 killer bees (D:10)
2 creatures vanquished.

Grand Total: 209 creatures vanquished

Notes
Turn   | Place    | Note
-------+----------+-------------------------------------------
     0 | D:1      | ANON1729 the Kobold Brigand began the quest for the Orb.
     0 | D:1      | Reached XP level 1. HP: 12/12 MP: 1/1
   178 | D:1      | Reached XP level 2. HP: 15/18 MP: 2/2
   540 | D:1      | Reached XP level 3. HP: 22/22 MP: 3/3
   925 | D:2      | Found a snail-covered altar of Cheibriados.
  1081 | D:2      | Found a shattered altar of Ashenzari.
  1442 | D:2      | Reached skill level 6 in Stealth
  1442 | D:2      | Reached XP level 4. HP: 27/27 MP: 4/4
  1692 | D:2      | Found a hazy altar of Hepliaklqana.
  1795 | D:3      | Reached XP level 5. HP: 32/32 MP: 5/5
  2524 | D:2      | Found an ancient bone altar of Kikubaaqudgha.
  2595 | D:3      | Found a runed translucent door.
  3152 | D:3      | Noticed a centaur
  3159 | D:3      | Killed a centaur
  3159 | D:3      | Reached skill level 7 in Stealth
  3159 | D:3      | Reached XP level 6. HP: 30/37 MP: 6/6
  3189 | D:3      | Found an ancient bone altar of Kikubaaqudgha.
  3194 | D:3      | Found a sacrificial altar of Ru.
  3206 | D:3      | Found a white marble altar of Elyvilon.
  3265 | D:3      | Noticed rasy's ghost (amateur MiFi)
  3318 | D:4      | Reached skill level 5 in Short Blades
  3335 | D:4      | Found Xiteluk's Book Boutique.
  3917 | D:4      | Reached XP level 7. HP: 41/41 MP: 7/7
  3947 | D:4      | Got a heavily jewelled robe
  3958 | D:4      | Identified the +1 robe of Luche {rF+ Stlth+} (You found it
                  | on level 4 of the Dungeon)
  3992 | D:5      | Entered Level 5 of the Dungeon
  4305 | D:5      | Found a staircase to the Ecumenical Temple.
  4347 | Temple   | Entered the Ecumenical Temple
  4540 | Temple   | Became a worshipper of the Wu Jian Council
  4632 | D:5      | Noticed Prince Ribbit
  4635 | D:5      | Killed Prince Ribbit
  4635 | D:5      | Reached skill level 8 in Stealth
  4719 | D:5      | Found Sajemuq's Antique Armour Boutique.
  5123 | D:5      | Found a glowing golden altar of the Shining One.
  5126 | D:5      | Noticed an angel
  5137 | D:5      | Found a basalt altar of Yredelemnul.
  5140 | D:5      | Noticed a profane servitor
  5296 | D:6      | Reached XP level 8. HP: 48/48 MP: 8/8
  5480 | D:6      | Reached skill level 9 in Stealth
  5611 | D:6      | Got a steaming robe
  5642 | D:5      | Identified the +2 robe "Luezaat" {Dex+4 Stlth+} (You found
                  | it on level 6 of the Dungeon)
  5809 | D:6      | Reached * piety under Wu Jian
  5809 | D:6      | Reached skill level 5 in Dodging
  6111 | D:6      | Found a hide-covered altar of Uskayaw.
  6446 | D:7      | Reached skill level 5 in Fighting
  6446 | D:7      | Reached skill level 10 in Stealth
  6446 | D:7      | Reached XP level 9. HP: 54/54 MP: 9/9
  6694 | D:7      | Found a sparkling altar of Nemelex Xobeh.
  6694 | D:7      | Found an opulent altar of Gozag.
  6694 | D:7      | Noticed Pikel
  6698 | D:7      | Killed Pikel
  7386 | D:8      | Reached skill level 11 in Stealth
  7954 | D:8      | Noticed a hippogriff
  7961 | D:8      | Killed a hippogriff
  8042 | D:8      | Reached skill level 10 in Short Blades
  8105 | D:8      | Found a shadowy altar of Dithmenos.
  8164 | D:8      | Reached XP level 10. HP: 46/58 MP: 10/10
  8687 | D:8      | Found Lehoni's Assorted Antiques.
  8904 | D:8      | Found Tuiletog's Magic Scroll Emporium.
  9214 | D:8      | Bought a pair of embroidered gloves for 217 gold pieces
  9214 | D:8      | Bought a thick robe for 165 gold pieces
  9224 | D:8      | Identified the cursed +0 robe of Wigodiv {rPois rF- Str+2
                  | Dex+2} (You bought it in a shop on level 8 of the Dungeon)
  9235 | D:8      | Got a fine trident
  9236 | D:8      | Identified the +5 trident of Wicacut {vorpal, rN+ Str+2
                  | Int+7} (You found it on level 8 of the Dungeon)
  9252 | D:8      | Found Zaycyut's Jewellery Shoppe.
  9262 | D:8      | Bought a cursed ring of attention for 67 gold pieces
  9306 | D:8      | Found Rogokhle's Antique Armour Emporium.
  9311 | D:8      | Bought a creamy pearl robe for 159 gold pieces
  9321 | D:8      | Identified the +1 robe "Rekhlacse" {rF++ Dex+4} (You bought
                  | it in a shop on level 8 of the Dungeon)
  9380 | D:8      | Found a staircase to the Lair.
  9463 | D:9      | You fall into a shaft and drop 1 floor!
  9463 | D:10     | Entered Level 10 of the Dungeon
  9466 | D:10     | Reached skill level 12 in Stealth
  9505 | D:10     | Reached skill level 1 in Evocations
  9647 | D:9      | Reached ** piety under Wu Jian
  9729 | D:9      | Noticed Grum
 10127 | D:9      | Found Gief's Armour Shoppe.
 11044 | D:9      | Killed Grum
 11084 | D:9      | Reached skill level 13 in Stealth
 11299 | D:10     | Noticed a manticore
 11304 | D:10     | Killed a manticore
 11304 | D:10     | Reached XP level 11. HP: 57/65 MP: 11/11
 12440 | D:10     | HP: 2/97 [merfolk/+0 trident (7)]
 12443 | D:10     | Mangled by a merfolk

Illustrated notes

Levels and vault maps discovered:
D:1:      minmay_arrival_cross, layout_loops_ring
D:2:      lemuel_upstairs_altar, layout_basic, ashenzari_conservatory_becter,
          lemuel_coloured_pillars_altar, lemuel_round_altar, minmay_tromino_v7
D:3:      layout_rooms, grunt_temple_overflow_open,
          ebering_ghost_reflecting_pool
D:4:      layout_loops_cross, serial_shops, shop
D:5:      layout_basic, grunt_temple_overflow_holy_war,
          minmay_temple_entry_gardened_gates, serial_shops,
          nicolae_shop_temple_entry_statues_fountains, uniq_prince_ribbit1
D:6:      layout_loops_ring, lemuel_crystal_altar
D:7:      layout_loops_ring, grunt_temple_overflow_opulence,
          chequers_serial_rivers_micro_b, uniq_pikel
D:8:      layout_layer_cave, lair_entry_dummy, basic_altar, serial_undead,
          serial_undead_a, serial_undead_d, serial_undead_b, serial_undead_c,
          serial_shops, shop, nicolae_shop_temple_entry_statues_fountains, shop,
          shop
D:9:      layout_basic, serial_shops, shop, hex_intersection, uniq_grum
D:10:     layout_roguey [special_room_bee], orc_0_dummy, basic_altar,
          hangedman_stone_soup, kennysheep_generic_room_3, uniq_maurice
Temple:   bh_familiar_temple

Skill      XL: |  1  2  3  4  5  6  7  8  9 10 |
---------------+-------------------------------+-----
Short Blades   | 3 4 5 6 8 10 11 | 11.7
Dodging        | 2 3 4 5 6 7 |  7.8
Stealth        | 6 7 8 10 11 13 | 13.3
Fighting       | 3 4 5 6 7 |  7.2
Evocations     | 3 |  3.8
Throwing       | |  2.3

Action                   |  1- 3 |  4- 6 |  7- 9 | 10-12 || total
-------------------------+-------+-------+-------+-------++-------
Melee: Dagger            |    88 |   160 |   335 |   422 ||  1005
       Trident           |       |       |       |     5 ||     5
Throw: Dart              |       |    15 |       |       ||    15
Invok: Lunge             |       |       |    28 |    21 ||    49
       Whirlwind         |       |       |     6 |    24 ||    30
Evoke: Wand              |       |       |     6 |    38 ||    44
       Phantom mirror    |       |       |       |     1 ||     1
  Use: Scroll            |     6 |     2 |     2 |     8 ||    18
       Potion            |       |       |       |     4 ||     4
 Stab: Sleeping          |    16 |    30 |    27 |    20 ||    93
       Distracted        |     1 |     1 |     3 |     2 ||     7
       Betrayed ally     |       |       |       |     1 ||     1
Armor: Robe              |     8 |    22 |    21 |    47 ||    98
Dodge: Dodged            |    47 |    85 |   157 |   249 ||   538

Table legend: (Time is in decaauts)
 A = Elapsed time spent in this place.
 B = Non-inter-level travel time spent in this place.
 C = Inter-level travel time spent in this place.
 D = Time resting spent in this place.
 E = Time spent auto-exploring this place.
 F = Levels seen in this place.
 G = Mean time per level.
                   A        B        C        D        E       F      G
               +--------+--------+--------+--------+--------+-----+--------+
         Total |  12110 |  11484 |    626 |   3618 |   6100 |  11 | 1100.9 |
       Dungeon |  11891 |  11311 |    580 |   3618 |   5929 |  10 | 1189.1 |
        Temple |    218 |    172 |     46 |      0 |    171 |   1 |  218.0 |
               +--------+--------+--------+--------+--------+-----+--------+

Top non-repeatable levels by time:
     D:9: 1840 daAuts
     D:8: 1718 daAuts
     D:7: 1340 daAuts
     D:2: 1324 daAuts
     D:3: 1041 daAuts
     D:6: 1001 daAuts
     D:4: 938 daAuts
    D:10: 909 daAuts
     D:5: 904 daAuts
     D:1: 871 daAuts
  Temple: 218 daAuts
